 Dungeon Crawl Stone Soup version 0.32-a0-656-g3542139ebd (webtiles) character file.

Game seed: 17602319570666334626

702658 seren the Messiah (level 27, -7/214 (224) HPs)
             Began as a Demonspawn Fighter on Mar 7, 2024.
             Was the Champion of Beogh.
             Killed from afar by a red draconian scorcher (32 damage)
             ... with damnation
             ... led by a red draconian scorcher
             ... on level 5 of the Realm of Zot on Mar 8, 2024.
             The game lasted 04:47:40 (71385 turns).

seren the Messiah (Demonspawn Fighter)             Turns: 71385, Time: 04:47:41

HP:   -7/214 (224)  AC: 50    Str: 41      XL:     27
MP:   9/12          EV: 10    Int:  6 (9)  God:    Beogh [******]
Gold: 7937          SH:  0    Dex: 28 (31) Spells: 39/46 levels left

rFire   + + +        b - +9 morningstar (antimagic)
rCold   + + +        x - +2 shield of Resistance {rF++ rC++ Will++}
rNeg    + . .        k - +8 gold dragon scales
rPois   +            (helmet unavailable)
rElec   +            Z - scarf of the Worm {+Inv, rN+ Str+5}
rCorr   +            T - +2 pair of gloves
SInv    +            Q - +2 pair of boots "Sesk" {rC+ Str+7 Dex+8}
Will    +++++        W - amulet of reflection Stlth
                     l - ring of the Magpie {Wiz rElec Int+2}
HPRegen 0.55/turn    B - ring of Xom's Full Attention {rF+ Str+3 Dex+6 SInv}
MPRegen 0.13/turn

%: reflection, wizardry (x1)
@: about to teleport, held, studying Fire Magic, lightly drained
A: walk on water, horns 3, yellow scales 3, hurl damnation, foul stench 3,
icemail 2, torment resistance 1, condensation shield, demonic willpower, dopey 1
}: 3/15 runes: barnacled, silver, gossamer
a: Hurl Damnation, Renounce Religion, Evoke Invisibility, Smiting, Recall
Apostles, Blood for Blood, Dismiss Wargath, warrior, Dismiss Orcesus, warrior,
Dismiss Pellinorc, warrior


You were on level 5 of the Realm of Zot.
You worshipped Beogh.
Beogh was exalted by your worship.
You visited 11 branches of the dungeon, and saw 51 of its levels.
You visited the Abyss 2 times.
You also visited: Trove, Ice Cave and Wizlab.

You collected 10925 gold pieces.
You spent 2988 gold pieces at shops.

Inventory:

Hand Weapons
 a - the +9 eveningstar of Causality {freeze, rElec Int+2}
   (You found it in a treasure trove)

   Int+2:     It affects your intelligence (+2).
   rElec:     It insulates you from electricity.
 b - a +9 antimagic morningstar (weapon)
 g - the +1 eveningstar "Brilliance" {foul flame, Umbra}
   (You found it on level 4 of the Dungeon)

   Umbra:     It surrounds you with an aura of shadow, increasing your stealth
   and reducing the accuracy of all others within it.
Missiles
 i - a throwing net
 w - 23 curare-tipped darts
 L - 39 boomerangs (quivered)
Armour
 k - +8 gold dragon scales (worn)
 x - the +2 shield of Resistance (worn) {rF++ rC++ Will++}
   (You found it on level 3 of the Elven Halls)

   rF++:      It greatly protects you from fire.
   rC++:      It greatly protects you from cold.
   Will++:    It greatly increases your willpower.
 Q - the +2 pair of boots "Sesk" (worn) {rC+ Str+7 Dex+8}
   (You found it on level 4 of the Spider Nest)

   Str+7:     It affects your strength (+7).
   Dex+8:     It affects your dexterity (+8).
   rC+:       It protects you from cold.
 T - a +2 pair of gloves (worn)
 Z - the scarf of the Worm (worn) {+Inv, rN+ Str+5}
   (You found it on level 5 of the Lair of Beasts)

   Str+5:     It affects your strength (+5).
   rN+:       It protects you from negative energy.
Jewellery
 h - a ring of positive energy
 l - the ring of the Magpie (left hand) {Wiz rElec Int+2}
   (You acquired it on level 1 of the Crypt)

   [ring of wizardry]

   Wiz:       It improves your spell success rate.
   Int+2:     It affects your intelligence (+2).
   rElec:     It insulates you from electricity.
 B - the ring of Xom's Full Attention (right hand) {rF+ Str+3 Dex+6 SInv}
   (You found it on level 4 of the Shoals)

   [ring of dexterity]

   Str+3:     It affects your strength (+3).
   Dex+6:     It affects your dexterity (+6).
   rF+:       It protects you from fire.
   SInv:      It lets you see invisible.
 U - the ring "Qimoov" {rF+ Str+5 Dex+3}
   (You found it on level 1 of the Lair of Beasts)

   [ring of protection from fire]

   Str+5:     It affects your strength (+5).
   Dex+3:     It affects your dexterity (+3).
   rF+:       It protects you from fire.
 W - an amulet of reflection (around neck)
Wands
 p - a wand of paralysis (88)
 C - a wand of acid (14)
 D - a wand of roots (42)
 E - a wand of mindburst (36)
 G - a wand of polymorph (36)
 J - a wand of digging (25)
Scrolls
 d - a scroll of butterflies
 m - 12 scrolls of poison
 n - 3 scrolls of silence
 s - 7 scrolls of teleportation {!r}
 t - 12 scrolls of fog
 u - 4 scrolls of revelation
 y - 9 scrolls of vulnerability
 z - a scroll of immolation
 I - 3 scrolls of enchant weapon
 K - a scroll of fear
 N - a scroll of brand weapon
Potions
 e - 11 potions of lignification
 j - 10 potions of enlightenment
 o - 5 potions of mutation {!q}
 v - 15 potions of curing
 A - a potion of resistance
 F - 2 potions of cancellation
 H - 5 potions of ambrosia
 M - 8 potions of haste
 O - 6 potions of invisibility
 P - 7 potions of might
 R - 5 potions of magic
 X - a potion of berserk rage
Miscellaneous
 f - a phantom mirror
 q - a condenser vane
 r - a phial of floods
 S - a lightning rod (4/4)
 V - a box of beasts (inert)


   Skills:
 - Level 20.0 Fighting
 - Level 18.0 Maces & Flails
 * Level 10.4 Throwing
 + Level 19.1 Armour
 + Level 14.6 Dodging
 + Level 17.4 Shields
 - Level 10.0 Spellcasting
 - Level 12.0 Translocations
 + Level 21.8 Invocations
 - Level 17.0 Evocations


You had 39 spell levels left.
You knew the following spells:

 Your Spells              Type           Power      Damage    Failure   Level
a - Apportation           Tloc           34%        N/A       1%          1
b - Blink                 Tloc           34%        N/A       1%          2
c - Manifold Assault      Tloc           17%        N/A       4%          4

Your spell library contained the following spells:

 Spells                   Type           Power      Damage    Failure   Level
 Lesser Beckoning         Tloc           34%        N/A       1%          2
 Gell's Gravitas          Tloc           17%        N/A       1%          3
 Teleport Other           Tloc           17%        N/A       1%          3
 Momentum Strike          Conj/Tloc      20%        3d8       7%          2
 Volatile Blastmotes      Fire/Tloc      20%        2d11      13%         3
 Dimensional Bullseye     Hex/Tloc       5%         N/A       38%         4
 Iskenderun's Mystic Bla  Conj/Tloc      10%        2d4       38%         4
 Vhi's Electric Charge    Tloc/Air       20%        N/A       38%         4
 Foxfire                  Conj/Fire      12%        2x1d4     45%         1
 Freeze                   Ice            12%        1d3       45%         1
 Kiss of Death            Conj/Necr      12%        2d6       45%         1
 Magic Dart               Conj           12%        1d3       45%         1
 Necrotise                Necr           12%        1d4       45%         1
 Sandblast                Erth           6%         2d5       45%         1
 Shock                    Conj/Air       12%        1d3       45%         1
 Slow                     Hex            12%        N/A       45%         1
 Sting                    Conj/Alch      12%        1d3       45%         1
 Summon Small Mammal      Summ           12%        N/A       45%         1
 Dispersal                Tloc           8%         N/A       47%         6
 Call Imp                 Summ           6%         N/A       58%         2
 Ensorcelled Hibernation  Hex/Ice        6%         N/A       58%         2
 Jinxbite                 Hex            6%         N/A       58%         2
 Mercury Vapours          Alch/Air       6%         N/A       58%         2
 Scorch                   Fire           6%         2d5       58%         2
 Searing Ray              Conj           6%         2d4       58%         2
 Static Discharge         Conj/Air       6%         3-4/arc   58%         2
 Sublimation of Blood     Necr           3%         N/A       58%         2
 Summon Forest            Summ/Tloc      5%         N/A       73%         5
 Call Canine Familiar     Summ           3%         N/A       80%         3
 Confusing Touch          Hex            3%         N/A       80%         3
 Dazzling Flash           Conj/Hex       6%         N/A       80%         3
 Frozen Ramparts          Ice            6%         1d1       80%         3
 Fugue of the Fallen      Necr           3%         N/A       80%         3
 Inner Flame              Hex/Fire       3%         N/A       80%         3
 Mephitic Cloud           Conj/Alch/Air  3%         N/A       80%         3
 Passwall                 Erth           3%         N/A       80%         3
 Sigil of Binding         Hex            3%         N/A       80%         3
 Stone Arrow              Conj/Erth      6%         3d7       80%         3
 Swiftness                Air            3%         N/A       80%         3
 Vampiric Draining        Necr           3%         2d6       80%         3
 Airstrike                Air            1%         2d(1-17)  99%         4
 Anguish                  Hex/Necr       1%         N/A       99%         4
 Animate Armour           Summ/Erth      6%         N/A       99%         4
 Animate Dead             Necr           3%         N/A       99%         4
 Brom's Barrelling Bould  Conj/Erth      3%         2d3       99%         4
 Dispel Undead            Necr           3%         3d7       99%         4
 Flame Wave               Conj/Fire      3%         2d5       99%         4
 Fulminant Prism          Conj/Alch      1%         3d5       99%         4
 Ignite Poison            Fire/Alch      3%         N/A       99%         4
 Leda's Liquefaction      Alch/Erth      1%         N/A       99%         4
 Martyr's Knell           Necr/Summ      3%         N/A       99%         4
 Olgreb's Toxic Radiance  Alch           3%         N/A       99%         4
 Petrify                  Alch/Erth      3%         N/A       99%         4
 Summon Blazeheart Golem  Fire/Summ      3%         N/A       99%         4
 Summon Lightning Spire   Summ/Air       3%         N/A       99%         4
 Alistair's Intoxication  Alch           2%         N/A       100%        5
 Arcjolt                  Conj/Air       1%         1d11      100%        5
 Borgnjor's Vile Clutch   Necr/Erth      1%         N/A       100%        5
 Curse of Agony           Necr           3%         N/A       100%        5
 Fireball                 Conj/Fire      1%         3d3       100%        5
 Freezing Cloud           Conj/Ice/Air   1%         6-21      100%        5
 Irradiate                Conj/Alch      1%         3d12      100%        5
 Iskenderun's Battlesphe  Conj           3%         2d6       100%        5
 Lee's Rapid Deconstruct  Erth           1%         3d4*      100%        5
 Metabolic Englaciation   Hex/Ice        1%         N/A       100%        5
 Silence                  Hex/Air        1%         N/A       100%        5
 Summon Mana Viper        Hex/Summ       3%         N/A       100%        5
 Yara's Violent Unravell  Hex/Alch       1%         3d3       100%        5
 Conjure Ball Lightning   Conj/Air       1%         3x3d6     100%        6
 Death Channel            Necr           1%         N/A       100%        6
 Eringya's Noxious Bog    Alch           1%         4d6       100%        6
 Plasma Beam              Fire/Air       1%         2x1d11    100%        6
 Starburst                Conj/Fire      1%         6d3       100%        6
 Summon Cactus Giant      Summ           1%         N/A       100%        6
 Enfeeble                 Hex            1%         N/A       100%        7
 Malign Gateway           Summ/Tloc      5%         N/A       100%        7
 Orb of Destruction       Conj           1%         9d5       100%        7
 Summon Hydra             Summ           1%         N/A       100%        7
 Discord                  Hex            1%         N/A       100%        8
 Disjunction              Tloc           8%         N/A       100%        8
 Ignition                 Fire           1%         3d3       100%        8
 Lehudib's Crystal Spear  Conj/Erth      1%         10d2      100%        8
 Maxwell's Capacitive Co  Air            1%         ∞         100%        8
 Summon Horrible Things   Summ           1%         N/A       100%        8
 Fire Storm               Conj/Fire      1%         8d1       100%        9


Dungeon Overview and Level Annotations

Branches:
Dungeon (15/15)            Temple (1/1) D:5            Lair (5/5) D:11
 Shoals (4/4) Lair:2       Spider (4/4) Lair:2        Slime (0/5) Lair:5
    Orc (2/2) D:9             Elf (3/3) Orc:2        Vaults (5/5) D:13
  Crypt (3/3) Vaults:2       Tomb (0/3) Crypt:3      Depths (4/4) D:15
    Zot (5/5) Depths:4      IceCv (visited)          WizLab (visited)

Altars:
Ashenzari
Cheibriados
Dithmenos
Fedhas
Gozag
Hepliaklqana
Kikubaaqudgha
Makhleb
Nemelex Xobeh
Okawaru
Qazlal
Ru
Sif Muna
Trog
Uskayaw
Vehumet
Wu Jian
Xom
Yredelemnul
Beogh
Jiyva

Shops:
D:5 !   D:11 *   D:15 :   Orc:2 (:[*   Elf:2 *   Elf:3 (   Shoals:3 [
Vaults:1 (   Crypt:1 *   Depths:2 ::=

Portals:
Hell: Depths:1 Depths:2 Depths:3 Depths:4
Abyss: Depths:1 Depths:3
Pandemonium: Depths:2
Ziggurat: Depths:3


Innate Abilities, Weirdness & Mutations

You can walk on water.
Your facial features are unmistakably orcish.
You have a pair of large horns on your head.
You are completely covered in yellow scales. (AC +4, rCorr)
You can hurl damnation.
You frequently emit foul miasma when damaged in melee.
A meltable icy envelope protects you from harm. (AC +8)
You are resistant to unholy torment.
A meltable shield of frost defends you. (SH +4)
You punish those that try to bend your will. (Will+)
You are dopey. (Int -2)


Message History

Your butterfly is poisoned.
Your butterfly dies!
Your butterfly disappears in a burst of colours!
The Killer Klown blinks!
You feel better.
Your butterfly dies!
Your butterfly disappears in a burst of colours!
The shadow dragon bites your butterfly.
Your butterfly dies!
Your butterfly disappears in a burst of colours!
The Killer Klown blinks!
As you read the scroll of butterflies, it crumbles to dust.
You hear the flapping of tiny wings.
Your butterfly is knocked back by the sudden gust. x3
The golden dragon is knocked back by the sudden gust.
Your butterfly is knocked back by the sudden gust. x4
Your surroundings suddenly seem different.
A red draconian scorcher, a black draconian and a yellow draconian annihilator come into view.
The yellow draconian annihilator is wielding a +0 short sword of venom.
Found a twisted peridot ring.
The red draconian scorcher roars!
The black draconian roars!
The yellow draconian annihilator roars!
As you read the scroll of teleportation {!r}, it crumbles to dust.
You feel strangely unstable.
You feel the Orb delaying your translocation!
A tentacled monstrosity comes into view.
A red draconian scorcher comes into view.
It is wielding a +0 long sword.
Aiming: Smiting
Press: ? - help, Dir - move target, f - red draconian scorcher Smite: a red draconian scorcher, wielding a +0 short sword and wearing a +0 cloak You smite the red draconian scorcher!!
The red draconian scorcher is moderately wounded.
The red draconian scorcher roars!
An Orb Guardian comes into view.
A tentacled monstrosity comes into view.
The tentacled monstrosity drops a net on you.
You become entangled in the net!
The red draconian scorcher gestures at you while chanting.
The sphere of damnation explodes!
The damnation engulfs you!!
You die...

#.##.....###..........[~≈≈≈≈
###.##.....#.'^...........~~~~
#...##.....#.#..............≈~
###.########.#..................
#.o.# #.#######.##.........
#.##########.#....<#.###########
#............#.......#
▓▓▓▓▓▓▓▓################ *###
*#......@.......#* *...
**............=.^.** *#..
**,...^............,** #..
*,,.X..........^...,,* ##.
*,,...^......qd....,,* #.
*,,...........q....,,* *#.
*,,.......^....X...,,* #..
*,,..X........q....^,* *#..
*,,,...............,,***...


You could see 2 tentacled monstrosities, a black draconian, an Orb Guardian, a
yellow draconian annihilator and 2 draconians.

Vanquished Creatures
  Tiamat (Zot:2)
  3 ancient liches
  An orb of fire (Zot:5)
  Khufu (Crypt:1)
  Vv (Zot:2)
  2 curse toes
  7 golden dragons
  A profane servitor (Abyss:3)
  A doom hound (Zot:1)
  A hellephant (Depths:4)
  17 tentacled monstrosities
  2 electric golems
  A walking crystal tome (WizLab)
  5 Orb Guardians (Zot:5)
  A lich (Crypt:3)
  2 walking frostbound tomes
  Grunn (Zot:1)
  2 quicksilver dragons
  2 deep elf blademasters
  An Executioner (Abyss:3)
  4 sphinxes
  A tentacled starspawn (Abyss:3)
  2 ancient champions (Crypt:2)
  11 death cobs
  A kraken (Shoals:2)
  4 tengu reavers
  Aizul (Spider:3)
  Kirke (Spider:1)
  11 shadow dragons
  6 draconian monks
  2 strange machines (WizLab)
  4 draconian knights
  6 revenants
  4 fire giants
  7 storm dragons
  3 protean progenitors
  A fenstrider witch (Shoals:4)
  5 draconian shifters
  7 frost giants
  3 iron dragons
  9 vault wardens
  5 deep elf sorcerers
  5 draconian scorchers
  3 emperor scorpions (Spider:4)
  4 ghost moths
  An orc warlord (Vaults:3)
  Louise (Shoals:4)
  2 ghouls (Crypt:1)
  13 ironbound preservers
  3 deep elf elementalists (Elf:3)
  3 draconian annihilators
  2 curse skulls
  2 spriggan defenders (Depths:4)
  6 vampire knights
  3 formless jellyfish
  11 stone giants
  3 broodmothers
  6 deep elf death magi
  A rockslime zombie (Crypt:1)
  3 deep elf demonologists
  11 very ugly things
  2 lorocyprocas (Abyss:3)
  4 ironbound thunderhulks
  2 elemental wellsprings (Shoals:2)
  7 black draconians
  12 green draconians
  6 purple draconians
  6 spark wasps
  7 white draconians
  2 war gargoyles (Vaults:2)
  6 deep elf annihilators
  9 red draconians
  9 yellow draconians
  9 dire elephants
  2 acid blob zombies
  A blizzard demon (Abyss:3)
  5 eidola
  12 ettins
  9 fire dragons
  2 jiangshi (Crypt:2)
  A crystal guardian (Vaults:2)
  4 merfolk impalers
  5 deep elf high priests
  A spectral shadow dragon (Crypt:3)
  5 great orbs of eyes
  15 yaktaur captains
  3 entropy weavers
  19 vault guards
  2 hydras
  8 ice dragons
  11 rakshasas
  2 peacekeepers (Vaults:2)
  A jorogumo (Spider:2)
  A merfolk avatar (Shoals:4)
  6 spriggan air magi
  2 centaur warriors
  Fannar (Orc:1)
  12 ironbound frosthearts
  An ogre mage (Vaults:5)
  A catoblepas (Lair:5)
  A death knight (Crypt:3)
  A merfolk aquamancer (Shoals:4)
  3 two-headed ogres
  4 boulder beetles
  2 alligator snapping turtles
  A radroach (Zot:3)
  4 deep troll shamans
  19 dancing weapons
  A sphinx skeleton (Depths:2)
  5 hell hogs (Depths:4)
  3 tengu warriors
  3 orc high priests
  4 death yaks (Lair:5)
  3 spriggan berserkers
  11 deep troll earth magi
  2 occultists (Depths:1)
  6 vampire magi
  4 demonic crawlers
  6 deep elf knights
  A soul eater (Crypt:2)
  3 sun demons
  A fire crab (shapeshifter) (Vaults:5)
  A wretched star (Abyss:3)
  Amaemon (D:9)
  A sixfirhy (Vaults:3)
  7 hell knights
  2 iron trolls
  A skyshark (Shoals:2)
  A spatial maelstrom (Abyss:3)
  16 shadow wraiths
  A glowing orange brain (Depths:1)
  2 pharaoh ants
  2 skeletal warriors (Crypt:1)
  3 flayed ghosts
  A bog body (Crypt:1)
  5 sea snakes
  3 orb spiders
  5 large abominations
  2 arcanists
  6 deep elf archers
  An obsidian statue (Crypt:1)
  45 deep trolls
  3 steelbarb worms
  13 ironbound convokers
  3 sun moths
  5 lindwurms
  6 necromancers
  18 phantasmal warriors
  A shining eye (shapeshifter) (Vaults:5)
  8 harpies
  8 orc knights
  11 deep elf zephyrmancers
  5 orc sorcerers
  2 fire giant zombies
  13 deep elf pyromancers
  18 wolf spiders
  10 ugly things
  A faun (shapeshifter) (Depths:3)
  A will-o-the-wisp (Abyss:3)
  5 fauns
  A spectral ettin (Crypt:3)
  A cyclops (D:12)
  14 moths of wrath
  4 manticores
  11 meliai
  2 frost giant zombies
  2 worldbinders (Abyss:3)
  7 elephants (Lair:5)
  A spectral centaur (Crypt:3)
  3 merfolk sirens
  A moth of wrath (shapeshifter) (Vaults:5)
  A dire elephant zombie (Crypt:2)
  17 vault sentinels
  A kobold blastminer (Orc:1)
  An ice statue (IceCv)
  A stone giant skeleton (Crypt:1)
  A frost giant skeleton (Crypt:3)
  A centaur zombie (Crypt:2)
  3 torpor snails
  A water nymph (Shoals:3)
  A smoke demon (Abyss:3)
  A gargoyle (D:12)
  A black mamba (Lair:5)
  A cane toad (Lair:5)
  An unseen horror (D:13)
  An orange demon (D:9)
  A naga skeleton (Abyss:3)
  6 rime drakes
  Jeremiah (D:8)
  A kobold demonologist (D:9)
  A black draconian skeleton (Crypt:2)
  A grey draconian zombie (Crypt:2)
  A komodo dragon (D:9)
  2 tengu conjurers (Depths:1)
  4 freezing wraiths
  48 yaktaurs
  A tormentor (Zot:2)
  A great orb of eyes zombie (Crypt:2)
  A pale draconian skeleton (Crypt:1)
  4 guardian mummies
  3 trolls
  A hellwing (Abyss:3)
  3 wind drakes
  3 blink frogs
  13 tarantellas
  7 hornets
  11 merfolk
  A harpy skeleton (Crypt:2)
  Prince Ribbit (Lair:1)
  5 raiju (Abyss:3)
  2 snapping turtles (Shoals:3)
  2 glass eyes (Depths:2)
  11 jumping spiders
  14 water elementals
  5 slime creatures
  7 culicivoras
  5 spriggans
  10 wraiths
  5 shadows
  2 fire elementals
  37 yaks
  2 hogs (Spider:1)
  13 humans (D:13)
  2 neqoxecs (Abyss:3)
  A basilisk (D:13)
  4 steam dragons
  The ghost of gruber the Shooter, an amateur CoHu (D:3)
  The ghost of Alarak the Firebug, an amateur DsFE (D:3)
  A redback (shapeshifter) (Vaults:5)
  50 redbacks
  2 vampire mosquitoes (D:13)
  A spatial vortex (Abyss:3)
  Duvessa (D:5)
  11 orc warriors
  5 water moccasins
  5 hell hounds (Orc:2)
  A sky beast (D:7)
  An ice beast (D:6)
  5 black bears
  9 ogres
  8 laughing skulls (Crypt:3)
  4 boggarts (Vaults:1)
  11 centaurs
  14 starcursed masses (Abyss:3)
  A phantom (D:4)
  5 kobold brigands
  6 weeping skulls
  10 bullfrogs
  A rime drake skeleton (Crypt:1)
  2 gnoll sergeants (D:8)
  2 scorpions
  2 small abominations (Abyss:3)
  An earth elemental (Elf:1)
  2 wights (D:9)
  Dowan (D:5)
  4 killer bees (D:8)
  5 lindwurm simulacra (IceCv)
  An electric eel (Lair:2)
  A troll skeleton (Crypt:2)
  A bullfrog zombie (Crypt:3)
  4 howler monkeys
  2 hounds
  3 jellies
  3 bombardier beetles
  4 gnoll boudas
  2 sleepcaps
  4 orc priests
  A centaur skeleton (Crypt:2)
  3 iguanas
  A human skeleton (Crypt:1)
  7 orc wizards
  3 hell rats (Lair:3)
  A boggart skeleton (Crypt:3)
  10 mummies
  23 gnolls
  3 acid dragon simulacra (IceCv)
  8 adders
  2 shadow imps
  2 white imps
  2 steam dragon simulacra (IceCv)
  7 ufetubi
  An iguana zombie (Crypt:3)
  2 dart slugs
  2 ribbon worms
  18 orcs
  8 endoplasms
  A giant cockroach (D:2)
  9 goblins
  A hobgoblin (D:1)
  3 jackals (D:1)
  23 kobolds
  5 quokkas
  6 ball pythons
  4 bats
  A frilled lizard (D:3)
  A goblin skeleton (Crypt:3)
  3 rats
  A river rat skeleton (Crypt:2)
  A river rat zombie (Crypt:1)
  An aspiring flesh (Zot:3)
  A tentacle (Shoals:3)
1458 creatures vanquished.

Vanquished Creatures (collateral kills)
  An ancient lich (Zot:5)
  A dread lich (Zot:5)
  2 orbs of fire (Zot:5)
  Boris (Vaults:3)
  A Killer Klown (Zot:5)
  Saint Roka (Crypt:1)
  4 golden dragons
  The ghost of Echoppoj the Eclecticist, a veteran VSSu of Ashenzari (Crypt:1)
  Arachne (Spider:3)
  2 bone dragons
  2 electric golems
  A doom hound (Zot:1)
  5 tentacled monstrosities
  5 Orb Guardians (Zot:5)
  A lich (Crypt:3)
  2 deep elf master archers (Elf:3)
  2 sphinxes
  3 quicksilver dragons
  A kraken (Shoals:3)
  5 death cobs
  An ancient champion (Crypt:3)
  3 shadow dragons
  8 storm dragons
  A tengu reaver (Vaults:5)
  2 revenants (Crypt:1)
  A fire giant (Depths:4)
  Roxanne (Shoals:4)
  Donald (Orc:2)
  2 frost giants
  3 deep elf sorcerers
  2 draconian monks
  3 draconian knights
  3 deep elf elementalists
  2 ghost moths
  A draconian stormcaller (Zot:3)
  2 curse skulls (Crypt:1)
  2 ghouls (Crypt:3)
  8 vault wardens
  A draconian scorcher (Zot:1)
  4 draconian annihilators
  3 orc warlords
  A formless jellyfish (Vaults:2)
  3 stone giants
  4 broodmothers (Spider:4)
  3 ironbound thunderhulks
  3 vampire knights
  8 ironbound preservers
  6 black draconians
  An elemental wellspring (Shoals:2)
  5 very ugly things
  2 deep elf demonologists
  Azrael (Orc:2)
  A war gargoyle (Vaults:5)
  5 green draconians
  A demonspawn black sun (D:14)
  5 purple draconians
  4 spark wasps
  6 deep elf death magi
  3 dire elephants
  2 red draconians
  2 white draconians
  A yellow draconian (Zot:4)
  4 deep elf annihilators
  2 ettins (Vaults:5)
  An eidolon (Crypt:3)
  3 merfolk javelineers
  5 merfolk impalers
  2 crystal guardians
  A jiangshi (Crypt:1)
  2 fire dragons
  A great orb of eyes (Vaults:4)
  3 deep elf high priests (Elf:3)
  Josephine (Lair:3)
  15 vault guards
  A rakshasa (D:14)
  3 entropy weavers
  2 ice dragons
  7 yaktaur captains
  A jorogumo (Spider:2)
  A hydra (Lair:5)
  8 radroaches
  2 catoblepae (Lair:5)
  An ogre mage (Vaults:5)
  A peacekeeper (Vaults:4)
  A spriggan air mage (Depths:4)
  8 boulder beetles
  An alligator snapping turtle (Shoals:4)
  6 merfolk avatars
  2 ironbound frosthearts (Vaults:2)
  6 deep troll earth magi
  10 dancing weapons
  4 tengu warriors
  A centaur warrior (D:15)
  3 merfolk aquamancers
  5 two-headed ogres
  5 deep troll shamans
  The ghost of picklenugget the Skirmisher, a novice CoHu of Beogh (D:7)
  2 demonic crawlers
  A thrashing horror (Abyss:3)
  3 death yaks (Lair:5)
  3 hell hogs (Depths:4)
  2 occultists (Depths:1)
  A sun demon (D:14)
  7 orc high priests
  3 hell knights (Depths:1)
  9 deep elf knights
  5 skysharks
  4 shadow wraiths
  Nergalle (D:11)
  A wretched star (Abyss:3)
  31 deep trolls
  An iron troll (Depths:2)
  A skeletal warrior (Crypt:1)
  A glowing orange brain (Depths:4)
  5 pharaoh ants
  An arcanist (D:13)
  10 flayed ghosts
  5 sea snakes
  5 slime creatures
  7 orb spiders
  A swamp dragon (shapeshifter) (Vaults:5)
  2 steelbarb worms (Spider:4)
  5 ironbound convokers
  13 harpies
  8 deep elf archers
  A frost giant zombie (Depths:2)
  A lindwurm (Lair:1)
  11 phantasmal warriors
  2 necromancers
  6 orc knights
  12 deep elf zephyrmancers
  10 manticores
  8 fauns
  A fire giant zombie (Depths:1)
  6 moths of wrath
  3 ugly things
  18 deep elf pyromancers
  7 wolf spiders
  5 orc sorcerers
  3 meliai
  10 elephants
  2 kobold blastminers (Orc:2)
  9 cyclopes
  4 water nymphs
  4 black mambas
  6 merfolk sirens
  3 large abominations (Abyss:3)
  A fire giant skeleton (Depths:2)
  An eye of devastation (shapeshifter) (Vaults:5)
  A torpor snail (shapeshifter) (Depths:4)
  6 vault sentinels
  An ice statue (IceCv)
  5 torpor snails
  A black mamba (shapeshifter) (Depths:4)
  A titan simulacrum (Depths:1)
  2 gargoyles
  7 freezing wraiths
  9 cane toads
  A kobold demonologist (D:11)
  2 unseen horrors (D:10)
  Maggie (D:6)
  6 rime drakes
  19 yaktaurs
  2 tengu conjurers
  6 komodo dragons
  An iron troll skeleton (Crypt:2)
  2 guardian mummies
  A red draconian skeleton (Crypt:3)
  5 wind drakes
  2 polar bears
  14 merfolk
  6 trolls
  13 tarantellas
  4 blink frogs
  6 hornets
  The ghost of Notanamesir the Mimic, an amateur MfSh of Ru (D:3)
  5 snapping turtles
  2 raiju (Abyss:3)
  4 dream sheep (Lair:5)
  15 jumping spiders
  5 spriggans
  5 small abominations
  17 culicivoras
  A black mamba zombie (Crypt:3)
  9 water elementals
  7 shadows
  9 wraiths
  2 wyverns
  The ghost of Nebesus the Covered, an amateur AtFi (D:3)
  6 basilisks
  38 yaks
  A fire elemental (Orc:2)
  A golden eye (shapeshifter) (D:15)
  9 starcursed masses (Abyss:3)
  2 vampires
  22 redbacks
  5 steam dragons (Lair:4)
  A warg (Orc:2)
  2 neqoxecs (Abyss:3)
  9 vampire mosquitoes
  5 humans (D:13)
  A spatial vortex (Abyss:3)
  2 acid dragons
  12 water moccasins
  A hell hound (Orc:2)
  A swamp drake (Orc:2)
  8 orc warriors
  6 laughing skulls
  4 ogres
  2 centaurs
  A boggart (Vaults:1)
  5 weeping skulls (Crypt:3)
  7 bullfrogs
  A kobold brigand (D:11)
  An earth elemental (Elf:1)
  2 scorpions (Lair:2)
  A wight (D:9)
  A queen bee zombie (Crypt:1)
  3 lindwurm simulacra (IceCv)
  2 electric eels (Lair:2)
  4 howler monkeys
  4 lava snakes (Lair:1)
  A quasit (Abyss:3)
  3 komodo dragon simulacra (IceCv)
  6 orc priests
  6 orc wizards
  4 hell rats (Lair:3)
  10 mummies
  3 acid dragon simulacra (IceCv)
  An adder (D:6)
  2 steam dragon simulacra (IceCv)
  6 orcs
  A gnoll zombie (Crypt:1)
  A frilled lizard zombie (Crypt:3)
  A kobold (D:11)
  A tentacle (Shoals:2)
978 creatures vanquished.

Vanquished Creatures (others)
  11 orc warlords
  An ironbound preserver (Vaults:4)
  A purple draconian (Zot:1)
  A vault guard (Vaults:5)
  45 orc apostles
  12 orc high priests
  A deep elf knight (Elf:2)
  A sea snake (Shoals:4)
  An iron troll (Crypt:1)
  2 deep trolls
  26 orc knights
  A deep elf pyromancer (D:14)
  3 orc sorcerers (Crypt:1)
  A cyclops (Crypt:1)
  A spriggan (Depths:4)
  A human (Spider:1)
  A steam dragon (Lair:4)
  2 small abominations (D:14)
  10 orc warriors
  20 orc priests
  An iguana (D:7)
  An orc wizard (Orc:2)
  25 orcs
  2 foxfires (Abyss:3)
  2 starspawn tentacles (Abyss:3)
  8 tentacles
181 creatures vanquished.

Grand Total: 2617 creatures vanquished

Notes
Turn   | Place    | Note
-------+----------+-------------------------------------------
     0 | D:1      | seren the Demonspawn Fighter began the quest for the Orb.
     0 | D:1      | Reached XP level 1. HP: 18/18 MP: 1/1
   135 | D:1      | Gained mutation: You are partially covered in yellow
                  | scales. (AC +2) [demonic ancestry]
   135 | D:1      | Reached XP level 2. HP: 24/24 MP: 2/2
   332 | D:1      | Reached XP level 3. HP: 29/29 MP: 3/3
   725 | D:2      | You fall into a shaft and drop 2 floors!
  1197 | D:2      | Reached XP level 4. HP: 35/35 MP: 4/4
  1272 | D:2      | Found a blossoming altar of Fedhas.
  1929 | D:3      | Found a runed translucent gate.
  1930 | D:3      | Found a runed translucent gate.
  1930 | D:3      | Found a runed translucent gate.
  1931 | D:3      | Noticed Alarak's ghost (amateur DsFE)
  1931 | D:3      | Noticed Notanamesir's ghost (amateur MfSh)
  1931 | D:3      | Noticed Nebesus's ghost (amateur AtFi)
  1931 | D:3      | Noticed gruber's ghost (amateur CoHu)
  1942 | D:3      | Noticed a black bear
  1956 | D:3      | Killed a black bear
  1957 | D:3      | Reached skill level 1 in Evocations
  1957 | D:3      | Gained mutation: You may rarely emit foul miasma when
                  | damaged in melee. [demonic ancestry]
  1957 | D:3      | Reached XP level 5. HP: 42/42 MP: 5/5
  2795 | D:4      | Noticed a black bear
  2805 | D:4      | Killed a black bear
  2806 | D:4      | Gained mutation: You have a pair of small horns on your
                  | head. [demonic ancestry]
  2806 | D:4      | Reached XP level 6. HP: 48/48 MP: 6/6
  3209 | D:4      | Found the +1 eveningstar "Brilliance" {foul flame, Umbra}
  3231 | D:4      | Gained mutation: A meltable shield of frost defends you.
                  | (SH +4) [demonic ancestry]
  3231 | D:4      | Reached XP level 7. HP: 44/55 MP: 7/7
  3413 | D:5      | Entered Level 5 of the Dungeon
  3419 | D:5      | Found Orabryol's Distillery.
  3427 | D:5      | Bought a potion of degeneration for 14 gold pieces
  3427 | D:5      | Bought a potion of mutation for 112 gold pieces
  3495 | D:5      | Found a staircase to the Ecumenical Temple.
  4441 | D:5      | Noticed Duvessa
  4441 | D:5      | Noticed Dowan
  4471 | D:5      | Killed Duvessa
  4482 | D:5      | Killed Dowan
  4671 | Temple   | Entered the Ecumenical Temple
  4719 | D:6      | Reached skill level 5 in Fighting
  4784 | D:6      | Gained mutation: You sometimes emit foul miasma when
                  | damaged in melee. [demonic ancestry]
  4784 | D:6      | Reached XP level 8. HP: 62/62 MP: 8/8
  5185 | D:6      | Reached skill level 5 in Maces & Flails
  5317 | D:6      | Reached skill level 5 in Armour
  5317 | D:6      | Reached skill level 1 in Dodging
  5357 | D:6      | Reached skill level 5 in Shields
  5587 | D:6      | Found a shadowy altar of Dithmenos.
  5650 | D:6      | Noticed Maggie
  5787 | D:7      | Reached XP level 9. HP: 51/69 MP: 9/9
  5917 | D:7      | Became a worshipper of Beogh the Shepherd
  6337 | D:7      | Found a transporter.
  6338 | D:7      | Identified the +3 giant spiked club of Bugoneus {drain,
                  | rElec Int+2 Stlth+}
  6338 | D:7      | Noticed picklenugget's ghost (novice CoHu)
  6600 | D:7      | Found a transporter.
  7194 | D:8      | Reached * piety under Beogh
  7368 | D:8      | Noticed Jeremiah
  7502 | D:8      | Reached skill level 1 in Invocations
  7585 | D:8      | Noticed a two-headed ogre
  7727 | D:8      | Reached skill level 2 in Invocations
  7869 | D:8      | Reached XP level 10. HP: 77/77 MP: 11/11
  7946 | D:7      | Killed a two-headed ogre
  7947 | D:7      | Reached skill level 3 in Invocations
  8294 | D:8      | Reached ** piety under Beogh
  8501 | D:8      | Reached skill level 5 in Evocations
  8791 | D:8      | Killed Jeremiah
  9283 | D:6      | Noticed a two-headed ogre
  9400 | D:9      | Reached skill level 4 in Invocations
  9536 | D:9      | Noticed Amaemon
  9541 | D:9      | Noticed an orange demon
  9554 | D:9      | Killed Amaemon
  9555 | D:9      | Gained mutation: You are mostly covered in yellow scales.
                  | (AC +3) [demonic ancestry]
  9555 | D:9      | Reached XP level 11. HP: 56/85 MP: 14/14
  9560 | D:9      | Reached skill level 5 in Invocations
  9820 | D:9      | Noticed a soul eater
  9891 | D:9      | Noticed a two-headed ogre
 10010 | D:9      | Found a hide-covered altar of Uskayaw.
 10010 | D:9      | Found a shimmering altar of Xom.
 10036 | D:9      | Reached *** piety under Beogh
 10041 | D:9      | Reached skill level 5 in Dodging
 10059 | D:9      | Identified the +9 glaive "Ceytoih" {flame, rElec Str+3
                  | Dex+2}
 10059 | D:9      | Noticed Brunolf
 10077 | D:9      | Anointed Brunolf the warrior as your apostle
 10358 | D:9      | Found a staircase to the Orcish Mines.
 10702 | D:9      | Identified the +11 halberd "Giantbane" {flame, rC+++ Str+5}
 10702 | D:9      | Noticed Olfik
 10714 | D:9      | Your ally Brunolf died
 10727 | D:9      | Anointed Olfik the warrior as your apostle
 11068 | D:9      | Killed a two-headed ogre
 11167 | D:6      | Killed a two-headed ogre
 11168 | D:6      | Reached skill level 6 in Invocations
 11172 | D:6      | Killed Maggie
 11356 | D:10     | Entered Level 10 of the Dungeon
 11432 | D:10     | Noticed a two-headed ogre
 11432 | D:10     | Noticed a four-headed hydra
 11623 | D:10     | Reached skill level 10 in Maces & Flails
 11807 | D:10     | Reached skill level 7 in Invocations
 11825 | D:10     | Reached **** piety under Beogh
 12088 | D:11     | Noticed a two-headed ogre
 12091 | D:11     | Killed a two-headed ogre
 12092 | D:11     | Noticed a two-headed ogre
 12098 | D:11     | Killed a two-headed ogre
 12103 | D:11     | Gained mutation: You have a pair of horns on your head.
                  | [demonic ancestry]
 12103 | D:11     | Reached XP level 12. HP: 66/92 MP: 17/17
 12285 | D:11     | Noticed Nergalle
 12289 | D:11     | Killed Nergalle
 12415 | D:11     | Reached skill level 8 in Invocations
 12558 | D:11     | Noticed a two-headed ogre
 12564 | D:11     | Killed a two-headed ogre
 12721 | D:11     | Found Pusoiwuf's Changing Room.
 12987 | D:11     | Reached ***** piety under Beogh
 13153 | D:11     | Found a staircase to the Lair.
 13157 | D:11     | Upgraded the game from 0.32-a0-640-gc5db3fc80f to
                  | 0.32-a0-656-g3542139ebd
 13159 | Lair:1   | Entered Level 1 of the Lair of Beasts
 13172 | Lair:1   | Noticed Prince Ribbit
 13175 | Lair:1   | Killed Prince Ribbit
 13242 | Lair:1   | Reached skill level 9 in Invocations
 13620 | Lair:1   | Noticed Bogbarth
 13631 | Lair:1   | Anointed Bogbarth the priest as your apostle
 13833 | Lair:1   | Found a runed translucent door.
 13874 | Lair:1   | Found a runed translucent gate.
 13874 | Lair:1   | Found a runed translucent gate.
 13874 | Lair:1   | Found a runed translucent gate.
 13874 | Lair:1   | Found a runed translucent gate.
 13874 | Lair:1   | Noticed a boulder beetle
 13875 | Lair:1   | Found a runed translucent gate.
 13875 | Lair:1   | Noticed a boulder beetle
 13877 | Lair:1   | Found a runed translucent gate.
 13877 | Lair:1   | Noticed a boulder beetle
 14247 | Lair:2   | Identified the +1 long sword of Qaha {freeze, Will+ Stlth+}
 14304 | Lair:2   | Found a hole to the Spider Nest.
 14415 | Lair:2   | Reached XP level 13. HP: 60/98 MP: 17/20
 15453 | Lair:3   | Reached skill level 10 in Invocations
 15578 | Lair:3   | Noticed Josephine
 15584 | Lair:3   | Killed Josephine
 16345 | Lair:4   | Noticed a fire dragon
 16355 | Lair:4   | Killed a fire dragon
 16803 | Lair:4   | Reached ****** piety under Beogh
 16942 | Lair:4   | You fall into a shaft and drop 1 floor!
 16942 | Lair:5   | Entered Level 5 of the Lair of Beasts
 16972 | Lair:5   | Reached skill level 11 in Invocations
 17118 | Lair:5   | Your ally Olfik died
 17481 | Lair:4   | Reached skill level 10 in Armour
 17730 | Lair:5   | Gained mutation: You punish those that try to bend your
                  | will. (Will+) [demonic ancestry]
 17730 | Lair:5   | Reached XP level 14. HP: 94/105 MP: 22/22
 18057 | Lair:5   | Found a viscous altar of Jiyva.
 18057 | Lair:5   | Found a staircase to the Slime Pits.
 18424 | Lair:5   | Identified the scarf of the Worm {+Inv, rN+ Str+5}
 18777 | Lair:1   | Reached skill level 10 in Shields
 18783 | Lair:1   | Reached skill level 12 in Invocations
 18936 | Lair:1   | Identified the ring "Qimoov" {rF+ Str+5 Dex+3}
 19406 | D:3      | Killed Alarak's ghost
 19414 | D:3      | Killed Nebesus's ghost
 19415 | D:3      | Killed Notanamesir's ghost
 19418 | D:3      | Killed gruber's ghost
 19569 | D:7      | Killed picklenugget's ghost
 19914 | Orc:1    | Entered Level 1 of the Orcish Mines
 19927 | Orc:1    | Noticed Fannar
 19936 | Orc:1    | Killed Fannar
 20188 | Orc:2    | Entered Level 2 of the Orcish Mines
 20188 | Orc:2    | Noticed Azrael
 20232 | Orc:2    | Found a staircase to the Elven Halls.
 20237 | Orc:2    | Found a roughly hewn altar of Beogh.
 20255 | Orc:1    | Found a roughly hewn altar of Beogh.
 20430 | Orc:2    | Killed Azrael
 20487 | Orc:2    | Noticed Donald
 20512 | Orc:2    | Killed Donald
 20516 | Orc:2    | Noticed Sonja
 20517 | Orc:2    | Sonja changed into Sonja the swamp drake
 20517 | Orc:2    | Noticed Sonja
 20522 | Orc:2    | Killed Sonja the swamp drake
 20535 | Orc:2    | Found a frozen archway.
 20562 | IceCv    | Entered an ice cave
 20654 | IceCv    | Your ally Bogbarth died
 20661 | IceCv    | Your ally Brunolf died
 20943 | IceCv    | Gained mutation: You have a pair of large horns on your
                  | head. [demonic ancestry]
 20943 | IceCv    | Reached XP level 15. HP: 104/112 MP: 24/24
 21232 | Orc:2    | Anointed Morun the warrior as your apostle
 21652 | Orc:2    | Found a shimmering blue altar of Sif Muna.
 21801 | Orc:2    | Found Doexkos's Antique Armour Emporium.
 21802 | Orc:2    | Found Unikeu's Antique Weapon Shoppe.
 21804 | Orc:2    | Found Ysume's General Store.
 21804 | Orc:2    | Found Taweeteu's Book Emporium.
 21821 | Orc:2    | Bought a glowing morningstar for 224 gold pieces
 21821 | Orc:2    | Bought an ichor-stained dagger for 224 gold pieces
 21821 | Orc:2    | Identified the +2 dagger "Xalahati" {freeze, Str+4} (You
                  | bought it in a shop on level 2 of the Orcish Mines)
 21833 | Orc:2    | Bought a scroll of enchant weapon for 90 gold pieces
 21833 | Orc:2    | Bought a scroll of immolation for 48 gold pieces
 21833 | Orc:2    | Bought an amulet of reflection for 360 gold pieces
 21853 | Orc:2    | Bought a book of Spatial Translocations for 180 gold pieces
 21855 | Orc:2    | Learned a level 1 spell: Apportation
 21858 | Orc:2    | Learned a level 2 spell: Blink
 22187 | D:12     | Reached skill level 13 in Invocations
 22868 | D:13     | Got the Omnibus of Coordinates and the Faeries
 22937 | D:13     | Found a gate to the Vaults.
 23113 | D:13     | Reached skill level 15 in Maces & Flails
 23744 | D:14     | Found a radiant altar of Vehumet.
 23759 | D:14     | Your ally Bogbarth died
 24040 | D:15     | Entered Level 15 of the Dungeon
 24320 | D:15     | Found Gob Xuiwof's Book Shoppe.
 24702 | D:15     | Found a staircase to the Depths.
 24793 | D:15     | Found a portal to a secret trove of treasure.
 24964 | D:15     | Identified the +5 long sword "Giant's Curse" {protect,
                  | Int+5}
 24987 | D:15     | Anointed Bogwik the warrior as your apostle
 25434 | Shoals:1 | Entered Level 1 of the Shoals
 25510 | Shoals:1 | Reached XP level 16. HP: 115/121 MP: 26/26
 25630 | Shoals:1 | Reached skill level 14 in Invocations
 26584 | Shoals:2 | Noticed a kraken
 26598 | Shoals:2 | Killed a kraken
 26658 | Shoals:2 | Reached skill level 10 in Fighting
 26871 | Shoals:2 | Your ally Morun died
 27875 | Shoals:3 | Reached skill level 1 in Throwing
 27883 | Shoals:3 | Found Cadyrr's Antique Armour Shoppe.
 27893 | Shoals:3 | Bought a dazzling plate armour for 980 gold pieces
 27893 | Shoals:3 | Identified the +8 plate armour of Sif Muna's Benevolence
                  | {rPois rCorr} (You bought it in a shop on level 3 of the
                  | Shoals)
 27893 | Shoals:3 | Bought a pair of jewelled boots for 332 gold pieces
 27893 | Shoals:3 | Identified the -1 pair of boots of Rationality {rC++} (You
                  | bought it in a shop on level 3 of the Shoals)
 28037 | Shoals:3 | Noticed a kraken
 28050 | Shoals:3 | Killed a kraken
 28129 | Shoals:4 | Entered Level 4 of the Shoals
 28415 | Shoals:4 | Noticed Louise
 28426 | Shoals:4 | Killed Louise
 28427 | Shoals:4 | Gained mutation: You are resistant to unholy torment.
                  | [demonic ancestry]
 28427 | Shoals:4 | Reached XP level 17. HP: 71/129 MP: 18/28
 28438 | Shoals:4 | Reached skill level 15 in Invocations
 28616 | Shoals:4 | Noticed Roxanne
 28733 | Shoals:4 | Your ally Olfik died
 29176 | Shoals:4 | Your ally Bogwik died
 29202 | Shoals:4 | Killed Roxanne
 29311 | Shoals:3 | Anointed Wargath the warrior as your apostle
 29572 | Shoals:4 | Got a barnacled rune of Zot
 29752 | Shoals:4 | Identified the ring of Xom's Full Attention {rF+ Str+3
                  | Dex+6 SInv}
 30531 | Vaults:1 | Entered Level 1 of the Vaults
 30695 | Spider:1 | Entered Level 1 of the Spider Nest
 30940 | Spider:1 | Noticed Kirke
 30948 | Spider:1 | Reached skill level 1 in Translocations
 30957 | Spider:1 | Killed Kirke
 30958 | Spider:1 | Reached skill level 1 in Spellcasting
 32821 | Spider:2 | Paralysed by an orc sorcerer for 3 turns
 32838 | Spider:2 | Anointed Syrus the priest as your apostle
 32888 | Spider:2 | Reached XP level 18. HP: 125/138 MP: 16/29
 33688 | Spider:3 | Identified the serpent talisman of Hide-and-Seek {Stlth+}
 33688 | Spider:3 | Noticed Aizul
 33692 | Spider:3 | Reached skill level 10 in Dodging
 33702 | Spider:3 | Killed Aizul
 33984 | Spider:3 | Reached skill level 5 in Throwing
 34203 | Spider:3 | Noticed Arachne
 34215 | Spider:3 | Killed Arachne
 34425 | Spider:3 | Reached skill level 16 in Invocations
 34862 | Spider:4 | Entered Level 4 of the Spider Nest
 35400 | Spider:4 | Your ally Morun died
 35448 | Spider:4 | Your ally Morun died
 35462 | Spider:4 | Your ally Wargath died
 35824 | Spider:4 | Identified the +2 pair of boots "Sesk" {rC+ Str+7 Dex+8}
 35842 | Spider:4 | Got a gossamer rune of Zot
 36567 | Vaults:1 | Identified the +2 hand axe of Ointment {flame, Will+}
 36567 | Vaults:1 | Identified the +3 leather armour of the Ward {Fly rPois
                  | Slay-6 Stlth-}
 36596 | Vaults:1 | Your ally Syrus died
 36600 | Vaults:1 | Anointed Nordag the priest as your apostle
 37242 | Vaults:1 | Found Couh's Weapon Emporium.
 37252 | Vaults:1 | Gained mutation: You frequently emit foul miasma when
                  | damaged in melee. [demonic ancestry]
 37252 | Vaults:1 | Reached XP level 19. HP: 147/147 MP: 10/31
 37899 | Vaults:2 | Reached skill level 17 in Invocations
 38703 | Vaults:2 | Found a staircase to the Crypt.
 38825 | Vaults:2 | Your ally Wargath died
 39203 | Vaults:1 | Identified the +4 arbalest "Ukhacics" {flame, ^Fragile
                  | rElec rCorr Str+2}
 39311 | Vaults:2 | Reached skill level 10 in Evocations
 39613 | Vaults:2 | Your ally Morun died
 39617 | Vaults:2 | Your ally Nordag died
 40136 | Vaults:3 | Identified the +2 robe "Addezy" {rN++ Int-5}
 40136 | Vaults:3 | Noticed Boris
 40151 | Vaults:3 | Killed Boris
 40801 | Vaults:3 | Your ally Wargath died
 40948 | Vaults:3 | Gained mutation: You are completely covered in yellow
                  | scales. (AC +4, rCorr) [demonic ancestry]
 40948 | Vaults:3 | Reached XP level 20. HP: 157/157 MP: 10/32
 41166 | Vaults:3 | Reached skill level 18 in Invocations
 41464 | Vaults:3 | Identified the +7 dagger "Sycuuwne" {flame, ^Fragile rElec
                  | rC++ rCorr}
 41464 | Vaults:3 | Identified the +0 robe of Morality {rF+ Will+ Regen+
                  | Stlth-}
 41481 | Vaults:3 | Anointed Warbeogh the wizard as your apostle
 41816 | Vaults:4 | Got Sif Muna's Monograph on the Overhead Icicle
 41899 | Vaults:4 | Your ally Warbeogh died
 41905 | Vaults:4 | Your ally Morun died
 42340 | Vaults:4 | Reached skill level 15 in Armour
 43364 | Elf:1    | Entered Level 1 of the Elven Halls
 43887 | Abyss:3  | Cast into level 3 of the Abyss (a deep elf sorcerer)
 43998 | Abyss:3  | Gained mutation: You occasionally lose the ability to read
                  | scrolls when taking damage. [a neqoxec]
 44002 | Abyss:3  | Found a corrupted altar of Lugonu.
 44043 | Abyss:3  | Reached skill level 15 in Fighting
 44057 | Abyss:3  | Paralysed by accursed screaming for 1 turns
 44337 | Abyss:3  | Gained mutation: You can hurl damnation. [demonic ancestry]
 44337 | Abyss:3  | Reached XP level 21. HP: 159/168 MP: 1/34
 44354 | Elf:1    | Escaped the Abyss
 44378 | Elf:1    | Lost mutation: You occasionally lose the ability to read
                  | scrolls when taking damage. [potion of mutation]
 44607 | Elf:1    | Reached skill level 5 in Translocations
 44646 | Abyss:3  | Cast into level 3 of the Abyss (a deep elf sorcerer)
 44671 | Abyss:3  | Found a corrupted altar of Lugonu.
 44689 | Abyss:3  | Found a corrupted altar of Lugonu.
 44709 | Abyss:3  | Found a corrupted altar of Lugonu.
 44714 | Abyss:3  | Found a corrupted altar of Lugonu.
 44725 | Abyss:3  | Found a corrupted altar of Lugonu.
 44747 | Abyss:3  | Noticed a profane servitor
 44755 | Abyss:3  | Killed a profane servitor
 44770 | Elf:1    | Escaped the Abyss
 44780 | Elf:1    | Identified the +1 flail of Zigay {flame, Dex+6}
 44804 | Elf:1    | Anointed Bogdan the priest as your apostle
 46211 | Elf:2    | Found a runed translucent gate.
 46213 | Elf:2    | Found a runed translucent gate.
 46213 | Elf:2    | Found a runed translucent gate.
 46308 | Elf:2    | Found Yvaif's General Store.
 46325 | Elf:2    | Bought a wand of roots (4) for 124 gold pieces
 46879 | Elf:2    | Learned a level 4 spell: Manifold Assault
 47034 | Elf:3    | Entered Level 3 of the Elven Halls
 47094 | Elf:3    | Found Soonwaim's Weapon Shoppe.
 47753 | Elf:3    | Identified the +5 dagger of Ishafaqe {spect, rN+ Int+3
                  | Dex+3 SInv}
 47811 | Elf:3    | Identified the +4 bardiche of War {drain, ^Fragile rF+
                  | Will+ SInv}
 47842 | Elf:3    | Your ally Bogdan died
 48083 | Elf:3    | Identified the +7 whip of the Nine Priests {venom, SInv
                  | Stlth+}
 48090 | Elf:3    | Identified the +4 longbow of the Hero {drain, rPois Will+
                  | Str-2}
 48093 | Elf:3    | Identified the +4 mace of Ryenoefy {venom, *Slow rN+ Dex+4}
 48103 | Elf:3    | Found the +2 shield of Resistance {rF++ rC++ Will++}
 48108 | Elf:3    | Identified the granite talisman "Winysm" {rF+ Str+2}
 48112 | Elf:3    | Identified the staff of Jidyluob {^Fragile rCorr SInv Earth
                  | Alchemy}
 48754 | D:15     | You paid a toll of 6 scrolls of fear to enter a treasure
                  | trove
 48755 | Trove    | Entered a treasure trove
 48776 | Trove    | Identified the +9 eveningstar of Causality {freeze, rElec
                  | Int+2}
 48780 | Trove    | Identified the +9 mace of Callousness {freeze, Fly rPois
                  | Int+5 Dex-2}
 48800 | Trove    | Identified the ring of Tangekhlu {Str+2 Dex-4 SInv Stlth+}
 48802 | Trove    | Identified the amulet "Jakeust" {Faith Rampage Int+3}
 48886 | D:15     | Reached skill level 5 in Spellcasting
 48886 | D:15     | Gained mutation: A meltable icy envelope protects you from
                  | harm. (AC +8) [demonic ancestry]
 48886 | D:15     | Reached XP level 22. HP: 177/177 MP: 14/35
 48887 | D:15     | Reached skill level 10 in Translocations
 48887 | D:15     | Reached XP level 23. HP: 184/184 MP: 14/36
 48888 | D:15     | Reached XP level 24. HP: 193/193 MP: 15/36
 49057 | Crypt:1  | Entered Level 1 of the Crypt
 49100 | Crypt:1  | Reached XP level 25. HP: 180/198 MP: 36/36
 49114 | Crypt:1  | Identified a scroll of acquirement
 49132 | Crypt:1  | Acquired the ring of the Magpie {Wiz rElec Int+2}
 49174 | Crypt:1  | Noticed Saint Roka
 49176 | Crypt:1  | Your ally Warbeogh died
 49186 | Crypt:1  | Your ally Wargath died
 49195 | Crypt:1  | Your ally Bogdan died
 49211 | Crypt:1  | Killed Saint Roka
 49216 | Crypt:1  | Was placed under penance by Beogh
 49216 | Crypt:1  | Fled from a divine trial
 49757 | Crypt:1  | Noticed Khufu
 49838 | Crypt:1  | Killed Khufu
 50096 | Crypt:1  | Found a runed translucent gate.
 50097 | Crypt:1  | Found a runed translucent gate.
 50097 | Crypt:1  | Found a runed translucent gate.
 50097 | Crypt:1  | Found an opulent altar of Gozag.
 50097 | Crypt:1  | Noticed Echoppoj's ghost (veteran VSSu)
 50100 | Crypt:1  | Found Cuavaxt's Assorted Antiques.
 50378 | Crypt:2  | Found a magical portal.
 50389 | WizLab   | Entered Tukima's Studio
 50520 | WizLab   | Identified the +2 longbow "Ziorul" {speed, rPois rF++ Dex+3
                  | Stlth-}
 50551 | WizLab   | Was forgiven by Beogh
 50746 | WizLab   | Noticed seren's illusion
 50960 | WizLab   | Noticed seren's illusion
 51281 | WizLab   | Noticed seren's illusion
 51583 | WizLab   | Noticed seren's illusion
 52489 | Crypt:3  | Entered Level 3 of the Crypt
 52491 | Crypt:3  | Your ally Warbeogh died
 52563 | Crypt:3  | Your ally Bogdan died
 52697 | Crypt:3  | Found a staircase to the Tomb.
 53152 | Crypt:3  | Reached skill level 19 in Invocations
 53221 | Crypt:3  | Found an ancient bone altar of Kikubaaqudgha.
 53327 | Crypt:3  | Identified the staff of Causality {^Fragile rPois rN+ Int+3
                  | Dex+2 Necro}
 54051 | Depths:1 | Entered Level 1 of the Depths
 54253 | Depths:1 | Your ally Warbeogh died
 54254 | Depths:1 | Found a snail-covered altar of Cheibriados.
 54254 | Depths:1 | Your ally Bogdan died
 54468 | Depths:1 | Found a gateway to Hell.
 54523 | Depths:1 | Found a shimmering blue altar of Sif Muna.
 54609 | Depths:1 | Found a one-way gate to the infinite horrors of the Abyss.
 54967 | Depths:1 | Got the Discursus on the Fairies
 55033 | Depths:1 | Reached XP level 26. HP: 210/210 MP: 4/36
 55104 | Depths:1 | Identified the +1 ring mail of Weightlessness {rF- Str-4
                  | Dex+4 Slay+5}
 55105 | Depths:1 | Identified the +1 ice dragon scales of Jinakaxt {rF- rC++
                  | Int+3 SInv Stlth+}
 55107 | Depths:1 | Got the Exposition on Fumes and Angles
 55108 | Depths:1 | Identified the +3 war axe of Getafuap {flame, rPois}
 55148 | Depths:1 | Noticed an ancient lich
 55151 | Depths:1 | Noticed an ancient lich
 55158 | Depths:1 | Killed an ancient lich
 55168 | Depths:1 | Killed an ancient lich
 55184 | Depths:1 | Got the Tome of Molten Breath
 55186 | Depths:1 | Got the Folio of Doomed Ice
 55224 | Depths:1 | Got the Collected Works on Ill-boding Displacement
 55927 | Depths:2 | Reached skill level 20 in Invocations
 55941 | Depths:2 | Found Qotufrip's Jewellery Boutique.
 55942 | Depths:2 | Found Mooter's Book Emporium.
 55942 | Depths:2 | Found Tefiysae's Book Emporium.
 56351 | Depths:2 | Anointed Arbeogh the priest as your apostle
 56749 | Depths:2 | Found a one-way gate leading to the halls of Pandemonium.
 56761 | Depths:2 | Your ally Arbeogh died
 57127 | Depths:3 | Found a one-way gateway to a ziggurat.
 57626 | Depths:3 | Identified the +0 shortbow of the Sky {speed, Str+2 Int+3}
 57630 | Depths:3 | Identified the ring of the Establishment {rPois rC++ Will+
                  | Str+3 Dex-2}
 58339 | Depths:4 | Entered Level 4 of the Depths
 58519 | Depths:4 | Reached skill level 15 in Evocations
 58917 | Depths:4 | Identified the +0 scale mail "Osamam" {rElec Regen+ Slay+3}
 58957 | Depths:4 | Reached skill level 15 in Shields
 58964 | Depths:4 | Found a gate to the Realm of Zot.
 58981 | Depths:4 | Your ally Arbeogh died
 59941 | Vaults:5 | Entered Level 5 of the Vaults
 59946 | Vaults:5 | Your ally Warbeogh died
 59969 | Vaults:5 | Your ally Wargath died
 60029 | Vaults:5 | Gained mutation: A meltable icy envelope protects you from
                  | harm. (AC +8) [demonic ancestry]
 60029 | Vaults:5 | Reached XP level 27. HP: 204/219 MP: 37/37
 60129 | Vaults:5 | Your ally Arbeogh died
 60133 | Vaults:5 | Noticed an ancient lich
 60151 | Vaults:5 | Your ally Warbeogh died
 60157 | Vaults:5 | Your ally Wargath died
 60161 | Vaults:5 | Killed an ancient lich
 60165 | Vaults:5 | Reached skill level 10 in Spellcasting
 60502 | Vaults:5 | Got a silver rune of Zot
 61125 | Vaults:4 | Anointed Orcesus the warrior as your apostle
 62056 | Crypt:1  | Killed Echoppoj's ghost
 62170 | Crypt:1  | Bought a potion of haste for 300 gold pieces
 62527 | Zot:1    | Entered Level 1 of the Realm of Zot
 62549 | Zot:1    | Your ally Wargath died
 62554 | Zot:1    | Your ally Orcesus died
 62559 | Zot:1    | Noticed Grunn
 62572 | Zot:1    | Killed Grunn
 63749 | Zot:2    | Found the +4 dragonskin cloak
 63749 | Zot:2    | Noticed Tiamat
 63760 | Zot:2    | Your ally Warbeogh died
 63952 | Zot:2    | Noticed Vv
 64419 | Zot:2    | Killed Vv
 65244 | Zot:2    | Killed Tiamat
 65378 | Zot:3    | Your ally Warbeogh died
 65379 | Zot:3    | Your ally Wargath died
 65757 | Zot:3    | Found a bloodstained altar of Trog.
 65805 | Zot:3    | Your ally Orcesus died
 66473 | Depths:4 | Anointed Pellinorc the warrior as your apostle
 67129 | Zot:3    | Got the Compendium of the Solid Yliaster
 67761 | Zot:3    | Reached skill level 21 in Invocations
 68292 | Zot:4    | Found a basalt altar of Yredelemnul.
 68388 | Zot:4    | Identified the +2 trident "Mosaluk" {antimagic, rC++ Str+3
                  | Stlth+}
 68389 | Zot:4    | Your ally Wargath died
 68416 | Zot:4    | Your ally Orcesus died
 70599 | Zot:5    | Entered Level 5 of the Realm of Zot
 71286 | Zot:5    | Noticed an ancient lich
 71291 | Zot:5    | Killed an ancient lich
 71295 | Zot:5    | Noticed an orb of fire
 71295 | Zot:5    | Noticed an orb of fire
 71299 | Zot:5    | Noticed an orb of fire
 71304 | Zot:5    | Killed an orb of fire
 71307 | Zot:5    | Killed an orb of fire
 71310 | Zot:5    | Noticed a dread lich
 71319 | Zot:5    | Gained mutation: You are dopey. (Int -2) [an orb of fire]
 71322 | Zot:5    | Your ally Pellinorc died
 71323 | Zot:5    | Killed a dread lich
 71324 | Zot:5    | Reached skill level 10 in Throwing
 71324 | Zot:5    | Killed an orb of fire
 71331 | Zot:5    | Your ally Orcesus died
 71335 | Zot:5    | Your ally Wargath died
 71376 | Zot:5    | HP: 1/213 [shadow dragon/bolt of negative energy (33)]
 71385 | Zot:5    | Killed from afar by a red draconian scorcher

Illustrated notes

Levels and vault maps discovered:
D:1:      giann_bridges, layout_basic
D:2:      layout_loops_ring, basic_altar, minmay_pentomino_x4
D:3:      layout_loops_ring, gammafunk_ghost_cemetery, small_statue_intersection
D:4:      minmay_chambers_of_fours, layout_loops_ring, enter_ossuary_1
D:5:      layout_loops_ring, minmay_temple_entry_statues_pillars, serial_shops,
          nicolae_shop_industrial_runoff,
          serial_library_hellmonk_double_dead_end, uniq_duvessa
D:6:      minmay_chambers_of_sixes, layout_rooms, mainiacjoe_overflow_paths,
          uniq_maggie
D:7:      layout_basic, gammafunk_ghost_smash, corexii_hall_statues_l
D:8:      kennysheep_seaside_town, layout_rooms, kennysheep_generic_room_5,
          uniq_jeremiah
D:9:      layout_basic, gammafunk_temple_overflow_elements, hiddenorc2_lemuel,
          nicolae_fountain_basement, uniq_amaemon
D:10:     layout_loops_ring, lightli_corner_chamber
D:11:     layout_long_grid, erik_lair_dragon, nicolae_transmutations_shop,
          uniq_nergalle
D:12:     layout_rooms
D:13:     layout_big_octagon, grunt_vaults_entry_tiered
D:14:     dreamdust_black_sun_cult, layout_rooms, corexii_leaking_fountain,
          nicolae_vehumet_radiance
D:15:     hangedman_depths_entry_try_elsewhere_first, layout_gridville,
          nicolae_trove_entry_path_of_doom, serial_shops, shop,
          minmay_misc_feat_doors
Temple:   nicolae_temple_bog_church
Lair:1:   gammafunk_indiana_jones, layout_regular_city,
          infiniplex_staircase_pool_2, serial_bayou_shore_b, grunt_megastairs_5,
          uniq_prince_ribbit2
Lair:2:   layout_loops_ring, nicolae_shoals_entry_flooding,
          nicolae_spider_entry_lesser_pyramids, grunt_megastairs_4,
          serial_bayou_shore_a, serial_bayou_shore_b
Lair:3:   layout_regular_city, serial_rivers, chequers_serial_rivers_room_b,
          chequers_serial_rivers_room_a, chequers_serial_rivers_marsh,
          chequers_serial_rivers_micro_c, chequers_serial_rivers_marsh,
          chequers_serial_rivers_micro_a, nicolae_quartered_pool_little,
          infiniplex_staircase_pool, uniq_josephine
Lair:4:   layout_layer_cave, bobbens_dragon_lair_wall
Lair:5:   evilmike_catoblepas_cave, layout_regular_city,
          dpeg_slime_entry_enclosed
Shoals:1: layout_shoals
Shoals:2: layout_shoals, nicolae_shoals_raging_river
Shoals:3: layout_shoals, serial_shops, nicolae_shop_rolling_square
Shoals:4: shoals_end_simple, layout_shoals,
          nicolae_shoals_beach_house_on_fowls_legs, uniq_roxanne, uniq_louise
Spider:1: layout_chambers, nicolae_spider_not_touching_you, uniq_kirke
Spider:2: layout_spider_delve
Spider:3: layout_chambers, hangedman_spider_tarantella_strand, uniq_arachne,
          uniq_aizul
Spider:4: hellmonk_spider_rune_endless_swarm
Orc:1:    layout_caves, basic_altar, uniq_fannar
Orc:2:    st_orc_congregation, layout_diamond_mine, portal_ice_cave_rime,
          basic_altar, kennysheep_orc_sif_temple, uniq_sonja, uniq_donald,
          uniq_azrael
Elf:1:    elf_arrival_002, layout_gridlike, serial_library,
          serial_library_regret_index_boxing,
          serial_library_hellmonk_metal_room,
          serial_library_regret_index_branch_corner,
          serial_library_hellmonk_secret_room,
          serial_library_regret_index_multi, serial_library_hellmonk_octagon,
          serial_library_hellmonk_junction,
          serial_library_hellmonk_angled_corner,
          serial_library_hellmonk_open_cross, serial_library_hellmonk_room_c,
          serial_library_hellmonk_layered_room,
          serial_library_regret_index_multi
Elf:2:    nicolae_elf_blades_crystal_corner, layout_loops_corners, serial_shops,
          shop
Elf:3:    minmay_elf_hall_dome, layout_geoelf_grid, serial_shops,
          nicolae_shop_pleasant_corner_grove
Vaults:1: grunt_vaults_twisty, nicolae_vaults_doubleplus_tesselated, v_misc_24,
          nicolae_vaults_turnstiles, nicolae_vaults_big_ls,
          nicolae_vaults_yaktaur_gun_rack, v_misc_8,
          nicolae_vaults_taking_the_gang_shopping,
          nicolae_vaults_little_squares_6, nicolae_vaults_trapezoid_2,
          ontoclasm_vaults_shuriken, layout_vaults_big_room
Vaults:2: vaults_room_stairs_pillars, hangedman_vaults_unwind,
          minmay_crypt_entry_nasty_monster, nicolae_vaults_sightless_eye,
          v_misc_12, vaults_mumra_bighexcomb, hangedman_vaults_nails, v_misc_3,
          v_misc_8, nicolae_vaults_mitosis, v_misc_16,
          ontoclasm_vaults_decontamination, nicolae_vaults_specimen_jars,
          vaults_room_hallway, ontoclasm_vaults_gateway, layout_vaults_big_cross
Vaults:3: nicolae_vaults_border_crossing, nicolae_vaults_trapezoid_2,
          vaults_dpeg_encased_lava, nicolae_vaults_diagonal_hallway_6,
          vaults_room_grid, hangedman_vaults_maws,
          nicolae_vaults_more_shelving_2, nicolae_vaults_apartment_1, v_rooms_1,
          v_alt_pattern_6, v_misc_22, grunt_vaults_hallway_short,
          nicolae_vaults_tetromino_L_1, v_alt_pattern_2, nicolae_vaults_swerve,
          layout_vaults_maze_bifur, uniq_boris
Vaults:4: nicolae_vaults_shelves_hall, nicolae_vaults_network_quinsquares
          [nicolae_vaults_network_quincunx_subvault,
          nicolae_vaults_network_quincunx_subvault,
          nicolae_vaults_network_quincunx_subvault,
          nicolae_vaults_network_quincunx_subvault], hangedman_vaults_hat,
          nicolae_vaults_trapezoid_lopsided_4, nicolae_vaults_closet_pinwheel_4,
          nicolae_vaults_gold_heap, v_misc_25, v_rooms_2, v_rooms_4,
          grunt_vaults_hallway_short, nicolae_vaults_trapezoid_4,
          nicolae_vaults_shelves_hall, nicolae_vaults_six-pack,
          nicolae_vaults_trapezoid_2, nicolae_vaults_house_3,
          layout_vaults_ring, uniq_margery
Vaults:5
Crypt:1:  layout_chaotic_city, ebering_ghost_gozag,
          grunt_crypt_arrival_guarded_gate, uniq_saint_roka, uniq_josephina,
          uniq_khufu
Crypt:2:  layout_regular_city, mu_enter_wizlab_5
Crypt:3:  church_of_pain_bobbens, layout_chaotic_city,
          nicolae_tomb_entry_unfolded_pyramid_diagonal
Depths:1: evilmike_library_of_no_secrets, layout_honeycomb,
          hangedman_coc_ice_floe, hangedman_abyss_or_decor_slice, abyss_entry,
          chei_slow_surprise
Depths:2: nzn_winding_woodlands_medium [nzn_winding_woodlands_5x5_default,
          nzn_winding_woodlands_5x15_zeroes,
          nzn_winding_woodlands_5x5_closed_star,
          nzn_winding_woodlands_5x5_three, nzn_winding_woodlands_center_lodge,
          nzn_winding_woodlands_5x5_open_star, nzn_winding_woodlands_5x5_cross,
          nzn_winding_woodlands_5x15_pockets,
          nzn_winding_woodlands_5x5_default], layout_gridlike,
          hangedman_geh_valley, pan_entry, minmay_shop_grove,
          infiniplex_staircase_pillars_2
Depths:3: minmay_haunted_quarter, layout_gridlike, enter_ziggurat_a, hell_entry,
          hangedman_abyss_entry_splay
Depths:4: grunt_zot_entry_funnels, layout_basic, grunt_hell_horde,
          nicolae_two_hexagons
Zot:1:    layout_gridlike, uniq_grunn
Zot:2:    layout_misc_corridors, skrybe_zot_glass_2, grunt_megastairs_2,
          uniq_vv, uniq_tiamat
Zot:3:    regret_index_malice_mire, layout_basic, basic_altar,
          st_single_dragon_hoard_1
Zot:4:    kennysheep_oblong_rooms, layout_onion_interference,
          regret_index_zotdec_stipple_waver, basic_altar
Zot:5:    layout_basic

Skill      XL: |  1  2  3  4  5  6  7  8  9 10 11 12 13 14 15 16 17 18 19 20 21 22 23 24 25 26 27 |
---------------+----------------------------------------------------------------------------------+-----
Maces & Flails | 2 3 4 5 7 8 10 12 13 14 15 16 17 18 | 18.0
Armour         | 3 4 5 6 7 8 9 10 11 12 13 14 15 17 19 | 19.1
Shields        | 3 4 5 6 7 8 9 10 11 12 13 14 15 17 | 17.4
Evocations     | 1 2 3 4 5 6 7 8 9 10 12 14 15 17 | 17.0
Fighting       | 4 5 6 7 8 9 10 11 12 13 15 16 17 18 20 | 20.0
Dodging        | 2 3 4 5 6 7 8 9 10 11 14 | 14.6
Invocations    | 2 4 7 9 11 12 13 14 15 16 17 18 19 20 21 | 21.8
Throwing       | 2 4 6 8 10 | 10.4
Translocations | 2 4 9 10 12 | 12.0
Spellcasting   | 2 5 6 9 10 | 10.0

Action                     |  1- 3 |  4- 6 |  7- 9 | 10-12 | 13-15 | 16-18 | 19-21 | 22-24 | 25-27 || total
---------------------------+-------+-------+-------+-------+-------+-------+-------+-------+-------++-------
  Melee: Mace              |   146 |   136 |   140 |       |       |       |       |       |       ||   422
         Headbutt          |       |     7 |    76 |   107 |   218 |   344 |   339 |     2 |   896 ||  1989
         Eveningstar       |       |       |   179 |   153 |     3 |    26 |    38 |    14 |   860 ||  1273
         Demon whip        |       |       |       |   291 |   790 |   765 |       |       |       ||  1846
         Morningstar       |       |       |       |       |       |   222 |   975 |       |  1477 ||  2674
         Whip              |       |       |       |       |       |       |       |       |    63 ||    63
  Throw: Dart              |       |       |       |     1 |     5 |       |       |       |       ||     6
         Boomerang         |       |       |       |       |       |     1 |       |       |     5 ||     6
   Cast: Blink             |       |       |       |       |       |       |     1 |       |     3 ||     4
         Apportation       |       |       |       |       |       |       |       |       |    13 ||    13
         Manifold Assault  |       |       |       |       |       |       |       |       |     8 ||     8
 Invoke: Convert to Beogh  |       |       |     1 |       |       |       |       |       |       ||     1
         Recall Apostles   |       |       |       |     3 |    23 |    18 |    20 |       |    26 ||    90
         Recruit Apostle   |       |       |       |     3 |     2 |     3 |     2 |       |     3 ||    13
         Dismiss Apostle   |       |       |       |       |     2 |     3 |     2 |       |     3 ||    10
         Smiting           |       |       |       |       |     1 |     8 |     8 |       |    11 ||    28
         Blood for Blood   |       |       |       |       |       |     2 |     2 |       |     4 ||     8
  Evoke: Wand              |       |     2 |    10 |     8 |     4 |     4 |       |       |     5 ||    33
         Box of beasts     |       |       |       |       |     2 |     1 |     1 |       |     3 ||     7
         Phial of floods   |       |       |       |       |     1 |     1 |       |       |     1 ||     3
         Lightning rod     |       |       |       |       |       |     4 |       |       |       ||     4
         Phantom mirror    |       |       |       |       |       |       |       |       |     2 ||     2
         Condenser vane    |       |       |       |       |       |       |       |       |     2 ||     2
    Use: Potion            |       |     1 |     1 |     4 |     1 |     4 |     8 |     2 |    16 ||    37
         Scroll            |       |       |     7 |     7 |    13 |     5 |     1 |       |    33 ||    66
   Stab: Paralysed         |       |     8 |    41 |       |       |       |       |       |     8 ||    57
         Distracted        |       |       |       |     6 |    11 |    24 |    35 |     1 |    62 ||   139
 Armour: Scale mail        |   130 |    70 |   193 |   198 |    81 |       |       |       |       ||   672
         Chain mail        |       |    39 |    59 |       |   116 |       |       |       |       ||   214
         Plate armour      |       |       |       |       |   121 |   340 |   331 |       |   821 ||  1613
         Gold dragon scale |       |       |       |       |       |       |       |       |   265 ||   265
  Dodge: Dodged            |    75 |    58 |   155 |   117 |   136 |   212 |   255 |       |   784 ||  1792
  Block: Buckler           |    26 |    28 |   169 |       |       |       |       |       |       ||   223
         Kite shield       |       |       |    34 |   237 |   487 |  1044 |  1067 |    10 |  2463 ||  5342
         Reflection        |       |       |       |       |    41 |    76 |   144 |       |    61 ||   322

Table legend: (Time is in decaauts)
 A = Elapsed time spent in this place.
 B = Non-inter-level travel time spent in this place.
 C = Inter-level travel time spent in this place.
 D = Time resting spent in this place.
 E = Time spent auto-exploring this place.
 F = Levels seen in this place.
 G = Mean time per level.
                   A        B        C        D        E       F      G
               +--------+--------+--------+--------+--------+-----+--------+
         Total |  69998 |  62718 |   7280 |  11461 |  29994 |  56 | 1250.0 |
       Dungeon |  19482 |  15713 |   3769 |   2797 |   8641 |  15 | 1298.8 |
        Temple |      1 |      1 |      0 |      0 |      0 |   1 |    1.0 |
          Lair |   5953 |   5500 |    453 |    659 |   3399 |   5 | 1190.6 |
        Shoals |   4540 |   4363 |    177 |   1119 |   1451 |   4 | 1135.0 |
   Spider Nest |   5226 |   4898 |    328 |    669 |   2861 |   4 | 1306.5 |
  Orcish Mines |   1526 |   1314 |    212 |    106 |    613 |   2 |  763.0 |
   Elven Halls |   4178 |   3956 |    222 |    545 |   2067 |   3 | 1392.7 |
        Vaults |   9265 |   8471 |    794 |   1917 |   3150 |   5 | 1853.0 |
         Crypt |   3439 |   3209 |    230 |    170 |   1694 |   3 | 1146.3 |
        Depths |   5922 |   5333 |    589 |    354 |   3575 |   4 | 1480.5 |
           Zot |   8064 |   7562 |    502 |   2366 |   2453 |   5 | 1612.8 |
         Abyss |    548 |    548 |      0 |     64 |     24 |   2 |  274.0 |
         Trove |    112 |    112 |      0 |      0 |     22 |   1 |  112.0 |
      Ice Cave |    586 |    586 |      0 |    254 |     43 |   1 |  586.0 |
        Wizlab |   1149 |   1149 |      0 |    440 |      0 |   1 | 1149.0 |
               +--------+--------+--------+--------+--------+-----+--------+

Top non-repeatable levels by time:
   Zot:3: 2969 daAuts
Vaults:2: 2625 daAuts
     D:7: 2247 daAuts
    D:11: 2115 daAuts
     D:9: 1888 daAuts
     D:8: 1885 daAuts
   Zot:1: 1865 daAuts
Vaults:4: 1852 daAuts
Vaults:1: 1762 daAuts
Spider:3: 1760 daAuts
Spider:1: 1735 daAuts
Depths:1: 1735 daAuts
Vaults:3: 1539 daAuts
  Lair:1: 1525 daAuts
   Elf:1: 1524 daAuts
